 Dungeon Crawl Stone Soup version 0.25.0-3-gd7cc568 (webtiles) character file.

Game seed: 250365168446348754

10095 HilariousDeathArtist the Covert (level 11, -1/56 HPs)
             Began as a Spriggan Summoner on June 15, 2020.
             Was a High Priest of Fedhas.
             Slain by a harpy (14 damage)
             ... summoned by Kirke
             ... on level 11 of the Dungeon.
             The game lasted 00:47:51 (18216 turns).

HilariousDeathArtist the Covert (SpSu)             Turns: 18216, Time: 00:47:51

Health: -1/56      AC:  0    Str:  7    XL:     11   Next: 31%
Magic:  23/23      EV: 21    Int: 17    God:    Fedhas [*****.]
Gold:   499        SH:  0    Dex: 17    Spells: 12/25 levels left

rFire    . . .     SeeInvis +   (weapon currently unavailable)
rCold    . . .     Gourm    .   (shield currently unavailable)
rNeg     . . .     Faith    +   (armour currently unavailable)
rPois    .         Spirit   .   (helmet currently unavailable)
rElec    .         Reflect  .   (cloak currently unavailable)
rCorr    .         Harm     .   (gloves unavailable)
MR       +....                  (boots unavailable)
Stlth    ++++......             C - amulet of faith {Faith, !P}
HPRegen  0.18/turn              (ring currently unavailable)
MPRegen  0.18/turn              (ring currently unavailable)

@: pig-form, very quick
A: small, unfitting armour, see invisible, herbivore, slow metabolism 2
a: Wall of Briars, Grow Ballistomycete, Overgrow, Grow Oklob, Renounce Religion


You were on level 11 of the Dungeon.
You worshipped Fedhas.
Fedhas was extremely pleased with you.
You were hungry.
You were a filthy swine.
You visited 1 branch of the dungeon, and saw 12 of its levels.
You also visited: Sewer.

You collected 675 gold pieces.
You spent 176 gold pieces at shops.

Inventory:

Hand Weapons
 a - a +2 rapier of venom (melded)
   (You took it off a deep elf mage on level 11 of the Dungeon)
 b - a +1 dagger of pain
   (You took it off an orc on level 8 of the Dungeon)
 m - a +0 rapier
   (You found it on level 2 of the Dungeon)
 p - a +1 vorpal long sword
   (You found it on level 3 of the Dungeon)
 r - the +3 whip "Newtslayer" {venom, rPois Int+2 Dex-5}
   (You found it on level 7 of the Dungeon)

   It poisons the flesh of those it strikes.
   It affects your intelligence (+2).
   It affects your dexterity (-5).
   It protects you from poison.
 R - a +3 dagger of venom
   (You found it on level 3 of the Dungeon)
Missiles
 k - 3 curare-tipped darts
 s - 58 poisoned darts
Armour
 o - a +2 hat of see invisible (melded)
   (You acquired it on level 9 of the Dungeon)
 t - the +3 warlock's mirror (melded) {reflect}
   (You acquired it on level 9 of the Dungeon)
 H - a +2 cloak (melded)
   (You found it on level 8 of the Dungeon)
 I - a +2 robe of resistance (melded)
   (You found it on level 8 of the Dungeon)
Jewellery
 j - a ring of magical power (melded) {MP+9}
   (You found it on level 1 of the Dungeon)
 x - a ring of magical power (melded) {MP+9}
   (You found it on level 5 of the Dungeon)
 C - an amulet of faith (around neck) {Faith, !P}
   (You found it on level 6 of the Dungeon)
 K - an uncursed ring of ice {rC+, rF-}
   (You found it on level 11 of the Dungeon)
 M - an uncursed ring of protection from magic {MR+, !d}
   (You found it on level 4 of the Dungeon)
 N - an uncursed ring of positive energy {rN+}
   (You found it on level 4 of the Dungeon)
 P - an uncursed ring of poison resistance {rPois, !d}
   (You found it on level 8 of the Dungeon)
Wands
 g - a wand of digging (4)
   (You took it off an orc on level 6 of the Dungeon)
 D - a wand of flame (1)
   (You found it on level 7 of the Dungeon)
 G - a wand of acid (5)
   (You took it off Ijyb on level 3 of the Dungeon)
 O - a wand of polymorph (8)
   (You found it on level 11 of the Dungeon)
 Q - a wand of iceblast (4)
   (You found it on level 11 of the Dungeon)
Scrolls
 h - 2 scrolls of enchant armour
 i - 3 scrolls of fear
 q - a scroll of amnesia
 u - a scroll of remove curse
 y - 7 scrolls of identify
 B - 2 scrolls of blinking {!r}
 E - 3 scrolls of teleportation
 J - 3 scrolls of enchant weapon
 L - a scroll of immolation {!r}
Potions
 c - 4 potions of brilliance
 d - 5 potions of curing
 f - a potion of invisibility
 l - a potion of stabbing
 n - 2 potions of resistance
 v - 5 potions of cancellation
 w - 2 potions of flight
 A - 3 potions of mutation {!q}
 F - a potion of might
Comestibles
 e - 10 rations


   Skills:
 + Level 5.9 Fighting
 + Level 6.2 Short Blades
 + Level 9.0 Dodging
 + Level 9.7 Stealth
 * Level 3.4 Shields
 + Level 7.6 Spellcasting
 + Level 6.3 Summonings
 + Level 4.7 Translocations
 * Level 7.1 Invocations


You had 12 spell levels left.
You knew the following spells:

 Your Spells              Type           Power        Failure   Level  Hunger
a - Call Canine Familiar  Summ           ####....     2%          3    ##.....
c - Call Imp              Summ           ####....     1%          2    None
d - Summon Guardian Gole  Hex/Summ       ###.....     9%          3    ##.....
f - Summon Forest         Summ/Tloc      ####......   30%         5    #####..

Your spell library contained the following spells:

 Spells                   Type           Power        Failure   Level  Hunger
 Summon Small Mammal      Summ           ####         1%          1    None
 Corpse Rot               Necr/Air       N/A          17%         2    None
 Summon Ice Beast         Ice/Summ       ###.....     30%         4    ####...
 Summon Lightning Spire   Summ/Air       ###.....     30%         4    ####...
 Stone Arrow              Conj/Erth      #.....       32%         3    ##.....
 Eringya's Noxious Bog    Tmut/Pois      #.........   100%        6    #######
 Hydra Form               Tmut           #.........   100%        6    #######
 Summon Hydra             Summ           ####......   100%        7    #######


Dungeon Overview and Level Annotations

Branches:
Dungeon (12/15)            Temple (0/1) D:7            Lair (0/6) D:9
    Orc (0/2) D:10          Sewer (visited)

Altars:
Fedhas
Hepliaklqana
Nemelex Xobeh
Xom

Shops:
D:5 !

Annotations:
D:2 dig=cloak
D:11 Kirke, Psyche


Innate Abilities, Weirdness & Mutations

You are very small and have problems with some larger weapons.
You are too small for most types of armour.
You have supernaturally acute eyesight. (SInv)
You are a herbivore.
((You cover ground extremely quickly.))
You need to consume almost no food.


Message History

You climb upwards.
Level annotation: Psyche Your oklob plant disappears in a puff of smoke!
Your oklob sapling disappears in a puff of smoke!
Your wandering mushroom disappears in a puff of smoke!
There is a stone staircase leading down, spattered with blood here.
You see here an elf corpse.
The rock wall is torn apart as an oklob sapling grows in its place.
The rock wall is torn apart as a burning bush grows in its place. x2
The rock wall is torn apart as an oklob sapling grows in its place.
You are feeling hungry.
The sky beast flickers out of sight for a moment.
The sky beast barely misses you. You block the hog's attack.
You now have 29/41 mp.
You see here a hog corpse.
Your burning bush throws fire at the hog.
The puff of flame hits the hog!
Your oklob sapling spits acid at the hog.
The splash of acid hits the sky beast!
The sky beast is splashed with acid.
Your burning bush throws fire at the sky beast.
The puff of flame hits the sky beast!!
The sky beast dies!
Fedhas accepts your kill. The hog bites your burning bush.
Your burning bush throws fire at the hog.
The puff of flame hits the hog!!
Your burning bush throws fire at the hog.
The puff of flame hits the hog!
The hog dies!
Fedhas accepts your kill.
You see here a hog corpse.
You completely miss Kirke.
Kirke points at you and mumbles some strange words.
You turn into a filthy swine.
Your +2 rapier of venom melds into your body.
Your +2 cloak melds into your body.
Your +2 hat of see invisible melds into your body.
The +3 warlock's mirror {reflect} melds into your body.
Your +2 robe of resistance melds into your body.
Your ring of magical power {MP+9} melds into your body. x2
Your +2 rapier of venom stops dripping with poison.
You feel hot and cold all over.
You feel your magic capacity decrease. x2
You now have 23/23 mp.
You closely miss Kirke. Kirke hits you.
You take 3 damage, and have 44/56 hp.
You hit Kirke.
Kirke gestures wildly while chanting.
Kirke summons some harpies!
Your burning bush throws fire at Kirke.
The puff of flame hits Kirke!
Your burning bush throws fire at Kirke.
The puff of flame hits Kirke!
Your oklob sapling spits acid at Kirke.
The splash of acid hits Kirke!
Kirke is splashed with acid.
The acid corrodes Kirke!
You hit Kirke. The harpy claws you! The harpy completely misses you.
Kirke hits you!
* * * LOW HITPOINT WARNING * * *
You take 30 damage, and have 14/56 hp.
MASSIVE DAMAGE!!
You feel much better. The harpy closely misses you. The harpy claws you!
The harpy claws your burning bush. x2; The harpy claws you.
The harpy completely misses you. Kirke completely misses you.
You regained 15 hp, and now have 29/56 hp.
Okay, then.
Okay, then.
Aim: Kirke (moderately wounded, covered in acid)
The bolt of acid hits Kirke!
Kirke is splashed with acid.
Kirke seems to be corroded for longer.
The harpy claws you. The harpy claws you!
* * * LOW HITPOINT WARNING * * *
The harpy closely misses you. The harpy claws you.
* * * LOW HITPOINT WARNING * * *
The harpy claws your burning bush!
The harpy claws your burning bush but does no damage.
Your oklob sapling spits acid at Kirke.
The splash of acid hits the harpy!
The harpy is splashed with acid.
The acid corrodes the harpy!
The harpy claws your oklob sapling! The harpy claws your oklob sapling.
Kirke mumbles some strange words.
Kirke summons a lindwurm!
You take 20 damage, and have 9/56 hp.
MASSIVE DAMAGE!!
You feel much better. The harpy claws you!!
* * * LOW HITPOINT WARNING * * *
The harpy closely misses you. The harpy claws your oklob sapling.
The harpy claws your oklob sapling but does no damage.
Your burning bush throws fire at Kirke.
The puff of flame hits the harpy!!
The harpy dies!
The harpy's corpse disappears in a puff of smoke!
The harpy barely misses you. The harpy closely misses you.
Kirke gestures at you while chanting. You resist with some effort.
You regained 3 hp, and now have 12/56 hp.
You feel better. The harpy claws you.
* * * LOW HITPOINT WARNING * * *
The harpy claws you!
You die...
Fedhas appreciates your contribution to the ecosystem.

#.#.# #.# #.#.# #.# #######'#.#
#.# # #.........# #.# #
#.........# #.# # #.........#
##### #.######## # #..)......#
#PPP###........#
##########'#.###P§..#########.##
'.......(......Hh@k............#
#.########.#.###################
...# #.#.# #.......# ...# #.#.#
#.#####.# ...# #.#.# #.# #.#
...#######.#.######.# #.#
...'.......#.......^# #.#
...######################.# #.##
#...÷.........#.#


You could see Kirke (corroded), a lindwurm (summoned), a harpy (summoned), 2
friendly burning bushes and 2 friendly oklob saplings.

Vanquished Creatures
  A two-headed ogre (D:10)
  An ugly thing (D:11)
  A manticore (D:11)
  A cyclops (D:11)
  A centaur zombie (D:12)
  A hippogriff (D:5)
  Sigmund (D:5)
  3 yaks (D:9)
  A chaos spawn (D:11)
  2 hungry ghosts (D:11)
  Menkaure (D:5)
  Edmund (D:5)
  4 porcupines (D:9)
  3 orc warriors
  A sky beast (D:11)
  2 black bears (D:9)
  An ice beast (D:7)
  A phantom (D:10)
  A necrophage (D:9)
  4 ogres
  2 crocodiles
  7 centaurs
  2 big kobolds
  6 bullfrogs
  3 scorpions
  A howler monkey (D:6)
  2 crimson imps
  2 quasits
  4 orc priests
  8 hounds
  13 orc wizards
  2 centaur skeletons
  3 iguanas
  Ijyb (D:3)
  Natasha (D:4)
  8 worker ants
  2 hound zombies (D:5)
  A worker ant zombie (D:5)
  3 river rats (Sewer)
  10 adders
  3 shadow imps
  2 oozes (D:8)
  An adder zombie (D:7)
  A worm (D:3)
  2 dart slugs (D:1)
  5 leopard geckos
  38 orcs
  A ball python (D:3)
  6 bats
  6 giant cockroaches
  13 goblins
  9 hobgoblins
  7 jackals
  2 quokkas
  2 frilled lizards
  9 kobolds
  A leopard gecko skeleton (D:4)
  8 rats
229 creatures vanquished.

Vanquished Creatures (collateral kills)
  A hydra (D:11)
  A deep elf mage (D:11)
  A hornet (D:12)
  A yak (D:9)
  2 hogs (D:11)
  3 ice beasts
  A sky beast (D:11)
  A black bear (D:9)
  5 ogres
  A crocodile (D:11)
  A big kobold (D:6)
  A bullfrog (D:8)
  A water moccasin skeleton (D:5)
  4 jellies
  A bullfrog skeleton (D:4)
  A hound (D:5)
  6 orc priests
  3 orc wizards
  Crazy Yiuf (D:3)
  Natasha (twice) (D:3 D:4)
  A worker ant (D:8)
  A killer bee zombie (D:8)
  A hound zombie (D:7)
  A howler monkey zombie (D:11)
  Robin (D:3)
  6 adders
  3 oozes (D:8)
  3 worms
  20 orcs
  2 giant cockroaches (D:1)
  8 goblins
  6 hobgoblins
  3 jackals
  6 kobolds
  A quokka (D:3)
  A bat (D:1)
  2 frilled lizards (D:2)
  A rat (D:3)
  2 toadstools (D:1)
107 creatures vanquished.

Vanquished Creatures (others)
  A yak (D:9)
  An orc warrior (D:11)
  A wyvern zombie (D:11)
  34 fungi (D:9)
  11 plants (D:9)
  2 toadstools (D:1)
50 creatures vanquished.

Grand Total: 386 creatures vanquished

Notes
Turn   | Place    | Note
-------+----------+-------------------------------------------
     0 | D:1      | HilariousDeathArtist the Spriggan Summoner began the quest
                  | for the Orb.
     0 | D:1      | Reached XP level 1. HP: 9/9 MP: 5/5
   104 | D:1      | Reached skill level 1 in Fighting
   306 | D:1      | Reached XP level 2. HP: 9/14 MP: 1/6
  1393 | D:2      | Found a blossoming altar of Fedhas.
  1405 | D:2      | Became a worshipper of Fedhas Madash
  1416 | D:2      | Reached skill level 2 in Fighting
  1548 | D:2      | Reached XP level 3. HP: 15/18 MP: 8/8
  1552 | D:2      | Learned a level 2 spell: Call Imp
  1556 | D:2      | Learned a level 3 spell: Call Canine Familiar
  2427 | D:3      | Reached * piety under Fedhas
  2430 | D:3      | Reached skill level 3 in Fighting
  2441 | D:3      | Reached XP level 4. HP: 24/24 MP: 9/9
  2534 | D:3      | Noticed Natasha
  2583 | D:3      | Killed Natasha
  2592 | D:3      | Noticed Natasha
  2611 | D:3      | Noticed an ogre
  2618 | D:3      | HP: 6/24 [Natasha/magic dart (7)]
  2954 | D:4      | Reached XP level 5. HP: 22/29 MP: 3/10
  3067 | D:4      | Killed Natasha
  3067 | D:4      | Reached skill level 4 in Fighting
  3708 | D:3      | Killed an ogre
  4040 | D:3      | Noticed Ijyb
  4238 | D:3      | Reached ** piety under Fedhas
  4296 | D:3      | Noticed Robin
  4335 | D:3      | Killed Robin
  4421 | D:3      | Reached XP level 6. HP: 33/33 MP: 11/11
  4781 | D:3      | Found a runed translucent door.
  4782 | D:3      | Noticed Crazy Yiuf
  4816 | D:3      | Killed Crazy Yiuf
  4950 | D:3      | HP: 6/33 [acid (11)]
  4952 | D:3      | Killed Ijyb
  4952 | D:3      | Reached skill level 3 in Spellcasting
  4952 | D:3      | Reached skill level 4 in Summonings
  5404 | D:4      | Reached skill level 1 in Invocations
  5461 | D:4      | Noticed Natasha
  5479 | D:4      | Reached *** piety under Fedhas
  5530 | D:4      | Killed Natasha
  6026 | D:5      | Entered Level 5 of the Dungeon
  6037 | D:5      | Noticed Edmund
  6072 | D:5      | Noticed Sigmund
  6075 | D:5      | Killed Sigmund
  6075 | D:5      | Reached skill level 1 in Short Blades
  6075 | D:5      | Reached skill level 4 in Dodging
  6075 | D:5      | Reached skill level 4 in Stealth
  6075 | D:5      | Reached XP level 7. HP: 37/37 MP: 13/13
  6172 | D:5      | Found Sanefupt's Distillery.
  6231 | D:5      | Reached skill level 2 in Invocations
  6248 | D:5      | Noticed Menkaure
  6274 | D:5      | Killed Menkaure
  6274 | D:5      | Reached skill level 2 in Short Blades
  6274 | D:5      | Reached skill level 4 in Spellcasting
  6538 | D:5      | Noticed a hippogriff
  6564 | D:5      | Killed a hippogriff
  6564 | D:5      | Reached skill level 5 in Dodging
  6564 | D:5      | Reached skill level 5 in Stealth
  6580 | D:5      | Killed Edmund
  6580 | D:5      | Reached XP level 8. HP: 34/42 MP: 15/15
  6582 | D:5      | Reached skill level 3 in Invocations
  6620 | D:5      | Reached skill level 3 in Short Blades
  6712 | D:5      | Found a glowing drain.
  6717 | Sewer    | Entered a sewer
  6897 | Sewer    | Reached skill level 6 in Stealth
  6938 | Sewer    | Found a white marble altar of Elyvilon.
  7092 | D:5      | Reached **** piety under Fedhas
  7105 | D:5      | Bought 2 potions of mutation for 176 gold pieces
  7737 | D:6      | Reached skill level 6 in Dodging
  7742 | D:6      | Reached skill level 5 in Spellcasting
  7966 | D:6      | Reached skill level 5 in Summonings
  8008 | D:6      | HP: 10/42 [poisoned by an orc warrior]
  9123 | D:6      | Learned a level 3 spell: Summon Guardian Golem
  9373 | D:7      | Reached skill level 4 in Short Blades
  9373 | D:7      | Reached skill level 7 in Stealth
  9373 | D:7      | Reached XP level 9. HP: 46/46 MP: 18/18
  9377 | D:7      | Reached skill level 4 in Invocations
  9981 | D:7      | Reached ***** piety under Fedhas
 10396 | D:7      | Found a staircase to the Ecumenical Temple.
 10431 | D:7      | Reached skill level 7 in Dodging
 10702 | D:7      | Got a shimmering whip
 10703 | D:7      | Identified the cursed +3 whip "Newtslayer" {venom, rPois
                  | Int+2 Dex-5} (You found it on level 7 of the Dungeon)
 10841 | D:7      | Reached skill level 6 in Spellcasting
 11198 | D:8      | Found a hazy altar of Hepliaklqana.
 11449 | D:8      | Reached skill level 8 in Stealth
 11451 | D:8      | HP: 9/46 [orc priest/divine providence (13)]
 11690 | D:8      | Reached skill level 5 in Fighting
 11750 | D:8      | Reached skill level 5 in Invocations
 12034 | D:8      | Found a sparkling altar of Nemelex Xobeh.
 12097 | D:8      | Reached skill level 5 in Short Blades
 12723 | D:9      | Identified 3 scrolls of acquirement
 12733 | D:9      | Learned a level 5 spell: Summon Forest
 12743 | D:9      | Found the +3 warlock's mirror {reflect}
 12743 | D:9      | Got the +3 warlock's mirror {reflect}
 13310 | D:9      | Reached skill level 1 in Translocations
 13535 | D:9      | Reached skill level 1 in Shields
 13535 | D:9      | Reached XP level 10. HP: 15/51 MP: 20/20
 13777 | D:9      | Found a staircase to the Lair.
 14033 | D:9      | Reached skill level 2 in Translocations
 14041 | D:9      | Reached ****** piety under Fedhas
 14150 | D:9      | Reached skill level 8 in Dodging
 14888 | D:10     | Entered Level 10 of the Dungeon
 14972 | D:10     | Found a staircase to the Orcish Mines.
 15103 | D:10     | Reached skill level 2 in Shields
 15103 | D:10     | Reached skill level 6 in Invocations
 15545 | D:10     | Noticed a two-headed ogre
 15554 | D:10     | Killed a two-headed ogre
 15554 | D:10     | Reached skill level 9 in Stealth
 15554 | D:10     | Reached skill level 6 in Summonings
 15554 | D:10     | Reached skill level 3 in Translocations
 15792 | D:11     | Reached skill level 7 in Spellcasting
 15795 | D:11     | Noticed a cyclops
 15802 | D:11     | Killed a cyclops
 15876 | D:11     | Noticed a manticore
 15885 | D:11     | Killed a manticore
 15990 | D:11     | Noticed Psyche
 16109 | D:11     | Noticed a purple ugly thing
 16140 | D:11     | Killed a purple ugly thing
 16222 | D:11     | Reached skill level 6 in Short Blades
 16230 | D:11     | Reached skill level 4 in Translocations
 16236 | D:11     | Reached XP level 11. HP: 56/56 MP: 22/22
 16240 | D:11     | Found the +7 mace of Variability {chain chaos}
 16242 | D:11     | Found a shimmering altar of Xom.
 16358 | D:11     | Reached skill level 3 in Shields
 16732 | D:11     | Noticed a seven-headed hydra
 16784 | D:11     | HP: 14/56 [seven-headed hydra (11)]
 16795 | D:11     | Killed a seven-headed hydra
 17595 | D:12     | Reached skill level 9 in Dodging
 17595 | D:12     | Reached skill level 7 in Invocations
 17882 | D:12     | HP: 12/56 [orc warrior/+0 halberd (18)]
 18183 | D:12     | Noticed Kirke
 18183 | D:12     | Noticed a deep elf mage
 18193 | D:11     | Killed a deep elf mage
 18212 | D:11     | Noticed a harpy
 18212 | D:11     | Noticed a harpy
 18212 | D:11     | HP: 14/56 [Kirke (17)]
 18215 | D:11     | Noticed a lindwurm
 18216 | D:11     | Slain by a harpy

Illustrated notes

Levels and vault maps discovered:
D:1:      ldierk_water_garden, layout_basic
D:2:      layout_loops_ring, eino_tiny_chamber, minmay_statues_item,
          fedhas_altar_1
D:3:      minmay_thinvault, layout_rooms, uniq_robin, uniq_ijyb, uniq_natasha,
          uniq_crazy_yiuf_cottage
D:4:      layout_loops_ring, first_ration
D:5:      layout_basic, gup_sewer_entry_spiral, serial_shops,
          nicolae_shop_waterfront, chequers_serial_rivers_large_a,
          nrook_mini_vaults, uniq_menkaure, uniq_edmund, uniq_sigmund
D:6:      cheibrodos_thug_alley, layout_cave_pools
D:7:      layout_rooms, minmay_temple_entry_tees
D:8:      layout_loops_cross, overflow_temple_1_default,
          nemelex_xobeh_ov_fountains_minmay, hangedman_little_slice_of_home
D:9:      layout_roguey, due_lair_maze_entry_diamond, billiards_dpeg
D:10:     layout_small_grid, orc_0_dummy
D:11:     layout_basic, minmay_guarded_unrand_variability, uniq_psyche
D:12:     layout_rooms, serial_shops, kennysheep_mini_moat, uniq_erolcha,
          uniq_kirke

Skill      XL: |  1  2  3  4  5  6  7  8  9 10 11 |
---------------+----------------------------------+-----
Fighting       | 1 2 3 4 5 |  5.9
Spellcasting   | 3 4 5 6 7 |  7.6
Summonings     | 4 5 6 |  6.3
Invocations    | 1 2 3 5 6 7 |  7.1
Short Blades   | 1 2 4 5 6 |  6.2
Dodging        | 4 5 6 7 8 9 |  9.0
Stealth        | 4 5 7 8 9 |  9.7
Translocations | 1 4 |  4.7
Shields        | 1 2 3 |  3.4

Action                   |  1- 3 |  4- 6 |  7- 9 | 10-12 || total
-------------------------+-------+-------+-------+-------++-------
Melee: Dagger            |   117 |    33 |   566 |   365 ||  1081
       Unarmed           |     1 |       |       |     3 ||     4
       Short sword       |    53 |     8 |       |       ||    61
       Long sword        |       |    81 |       |       ||    81
       Whip              |       |       |    10 |       ||    10
       Rapier            |       |       |       |     1 ||     1
 Cast: Summon Small Mamm |    28 |       |       |       ||    28
       Call Imp          |    12 |    31 |    45 |     6 ||    94
       Call Canine Famil |       |    22 |    34 |    15 ||    71
       Summon Guardian G |       |       |     2 |    20 ||    22
Invok: Overgrow          |       |       |       |     3 ||     3
Evoke: Wand              |       |       |     5 |     4 ||     9
  Use: Scroll            |     4 |     9 |    10 |     1 ||    24
       Potion            |     1 |     4 |     2 |     4 ||    11
 Stab: Sleeping          |     7 |     4 |    15 |    22 ||    48
       Distracted        |       |       |     7 |     3 ||    10
  Eat: Ration            |       |     4 |     5 |     4 ||    13
Armor: Robe              |    23 |    10 |    34 |    24 ||    91
Dodge: Dodged            |   189 |   122 |   401 |   185 ||   897
Block: Buckler           |       |       |     8 |   107 ||   115
       Reflection        |       |       |     1 |     3 ||     4
       Rpst.: Long sword |       |    29 |       |       ||    29

Levels and vault maps discovered:
D:1:      ldierk_water_garden, layout_basic
D:2:      layout_loops_ring, eino_tiny_chamber, minmay_statues_item,
          fedhas_altar_1
D:3:      minmay_thinvault, layout_rooms, uniq_robin, uniq_ijyb, uniq_natasha,
          uniq_crazy_yiuf_cottage
D:4:      layout_loops_ring, first_ration
D:5:      layout_basic, gup_sewer_entry_spiral, serial_shops,
          nicolae_shop_waterfront, chequers_serial_rivers_large_a,
          nrook_mini_vaults, uniq_menkaure, uniq_edmund, uniq_sigmund
D:6:      cheibrodos_thug_alley, layout_cave_pools
D:7:      layout_rooms, minmay_temple_entry_tees
D:8:      layout_loops_cross, overflow_temple_1_default,
          nemelex_xobeh_ov_fountains_minmay, hangedman_little_slice_of_home
D:9:      layout_roguey, due_lair_maze_entry_diamond, billiards_dpeg
D:10:     layout_small_grid, orc_0_dummy
D:11:     layout_basic, minmay_guarded_unrand_variability, uniq_psyche
D:12:     layout_rooms, serial_shops, kennysheep_mini_moat, uniq_erolcha,
          uniq_kirke

Table legend:
 A = Turns spent in this place as a percentage of turns spent in the entire game.
 B = Non-inter-level travel turns spent in this place as a percentage of non-inter-level travel turns spent in the entire game.
 C = Inter-level travel turns spent in this place as a percentage of turns spent in this place.
 D = Turns resting spent in this place as a percentage of non-inter-level travel turns spent in this place.
 E = Turns spent auto-exploring this place as a percentage of non-inter-level travel turns spent in this place.
 F = Non-inter-level travel turns spent in this place divided by the number of levels of this place that you've seen.
                   A       B       C       D       E      F
               +-------+-------+-------+-------+-------+----------------------
         Total | 100.0 | 100.0 |   3.4 |  37.0 |  37.5 | 1353.4
       Dungeon |  98.5 |  98.5 |   3.5 |  37.1 |  37.5 | 1444.1
         Sewer |   1.5 |   1.5 |   0.0 |  28.7 |  40.0 | 265.0
               +-------+-------+-------+-------+-------+----------------------

Table legend:
 A = Kills in this place as a percentage of kills in entire the game.
 B = Kills by you in this place as a percentage of kills by you in the entire game.
 C = Kills by friends in this place as a percentage of kills by friends in the entire game.
 D = Other kills in this place as a percentage of other kills in the entire game.
 E = Experience gained in this place as a percentage of experience gained in the entire game.
 F = Experience gained in this place divided by the number of levels of this place that you have seen.
                   A       B       C       D       E      F
               +-------+-------+-------+-------+-------+----------------------
         Total | 100.0 | 100.0 | 100.0 | 100.0 | 100.0 | 1109.4
       Dungeon |  96.4 |  96.9 |  95.2 | 100.0 |  99.1 | 1191.6
         Sewer |   3.6 |   3.1 |   4.8 |   0.0 |   0.9 | 123.0
               +-------+-------+-------+-------+-------+----------------------
